 Dungeon Crawl Stone Soup version 0.23-a0-582-g1b4a0ca (webtiles) character file.

199 Firecrotchwizard the Caller (level 5, -1/35 HPs)
             Began as a Merfolk Summoner on Dec 17, 2018.
             Slain by an orc
             ... wielding a +0 mace
              (9 damage)
             ... on level 4 of the Dungeon.
             The game lasted 00:09:23 (4020 turns).

Firecrotchwizard the Caller (Merfolk Summoner)      Turns: 4020, Time: 00:09:23

Health: -1/35      AC:  7    Str:  9    XL:     5   Next: 77%
Magic:  8/17       EV: 14    Int: 15    God:
Gold:   115        SH:  0    Dex: 14    Spells: 2/8 levels left

rFire    . . .     SeeInvis .   n - +2 dagger (drain)
rCold    . . .     Gourm    .   (no shield)
rNeg     . . .     Faith    .   a - +0 robe
rPois    .         Spirit   .   q - +0 helmet
rElec    .         Reflect  .   j - +2 cloak
rCorr    .         Harm     .   (no gloves)
MR       .....                  m - +0 pair of boots
Stlth    +++.......             (no amulet)
HPRegen  0.11/turn              o - ring of magical power {MP+9}
MPRegen  0.15/turn              (no ring)

@: very slightly contaminated
A: change form in water, swift swim, stealthy swim
a: no special abilities


You were on level 4 of the Dungeon.
You were hungry.

You visited 1 branch of the dungeon, and saw 4 of its levels.

You collected 115 gold pieces.

Inventory:

Hand Weapons
 b - a +0 dagger
   (You took it off a goblin on level 1 of the Dungeon)
 n - a +2 dagger of draining (weapon)
   (You found it on level 3 of the Dungeon)
 p - a +0 dagger of speed
   (You took it off a goblin on level 3 of the Dungeon)
Armour
 a - a +0 robe (worn)
 j - a +2 cloak (worn)
   (You found it on level 2 of the Dungeon)
 m - a +0 pair of boots (worn)
   (You found it on level 2 of the Dungeon)
 q - a +0 helmet (worn)
   (You found it on level 3 of the Dungeon)
Jewellery
 o - a ring of magical power (left hand) {MP+9}
   (You found it on level 3 of the Dungeon)
 u - an uncursed ring of fire {rF+, rC-}
   (You found it on level 3 of the Dungeon)
Wands
 l - a wand of polymorph (8)
   (You took it off Natasha on level 2 of the Dungeon)
Scrolls
 d - 2 scrolls of teleportation {unknown}
 e - a scroll of amnesia {unknown}
 f - 4 scrolls of identify {unknown}
 k - a scroll of magic mapping {unknown}
 r - a scroll of remove curse {unknown}
Potions
 g - a potion of berserk rage {unknown}
 h - a potion of agility
 i - 2 potions of brilliance {unknown}
 s - a potion of magic {unknown}
Comestibles
 c - 6 rations
 t - a chunk of flesh {@w0}


   Skills:
 + Level 4.7 Dodging
 + Level 4.1 Stealth
 - Level 2.3 Spellcasting
 + Level 5.0 Summonings


You had 2 spell levels left.
You knew the following spells:

 Your Spells              Type           Power        Failure   Level  Hunger
a - Summon Small Mammal   Summ           ###.         2%          1    #......
b - Call Canine Familiar  Summ           ###.....     9%          3    ###....
c - Call Imp              Summ           ###.....     4%          2    ###....

Your spell library contained the following spells:

 Spells                   Type           Power        Failure   Level  Hunger
 Summon Guardian Golem    Hex/Summ       #.......     22%         3    ###....
 Summon Ice Beast         Ice/Summ       #.......     58%         4    #####..
 Summon Lightning Spire   Summ/Air       #.......     58%         4    #####..


Dungeon Overview and Level Annotations

Branches:
Dungeon (4/15)
 Temple: D:4-7

Altars:
Dithmenos
Sif Muna


Message History

Your hound disappears in a puff of smoke!
You now have 11/17 mp.
Your hound barely misses the orc.
The bullfrog skeleton completely misses you.
The orc hits your hound with a +0 flail.
You hit the bullfrog skeleton.
Your hound barely misses the orc.
The bullfrog skeleton hits you.
Your hound bites the orc.
You take 5 damage, and have 30/35 hp.
You hit the bullfrog skeleton. The bullfrog skeleton hits you.
The orc closely misses your hound.
The orc priest casts a cantrip, but nothing happens.
Your hound bites the orc.
The orc dies!
The orc priest looks encouraged for a moment.
You take 1 damage, and have 29/35 hp.
The bullfrog skeleton misses your hound.
Your hound bites the bullfrog skeleton.
The bullfrog skeleton hits your hound.
The orc priest casts a cantrip, but nothing happens.
The orc closely misses your hound.
Your hound bites the bullfrog skeleton.
You hit the orc priest but do no damage.
You drain the orc priest!
Your hound bites the bullfrog skeleton.
The bullfrog skeleton hits your hound. The orc priest closely misses you.
You hit the orc priest.
Your hound bites the bullfrog skeleton.
The bullfrog skeleton barely misses your hound.
The orc closely misses your hound.
The orc priest calls upon Beogh to heal the orc priest.
The orc priest's wounds heal themselves!
Your hound bites the bullfrog skeleton.
The bullfrog skeleton is destroyed!
The orc priest misses you.
You closely miss the orc priest. The orc closely misses your hound.
Your hound barely misses the orc priest.
The orc priest mumbles some strange prayers to Beogh against you.
Beogh smites you!
You hear a shout!
You take 9 damage, and have 21/35 hp.
MASSIVE DAMAGE!!
You hit the orc priest. You drain the orc priest!
Your hound bites the orc priest.
The giant cockroach closely misses your hound.
The orc priest hits you with a +0 club. The orc hits your hound with a +0 mace.
Your hound dies!
Your hound's corpse disappears in a puff of smoke!
You take 3 damage, and have 18/35 hp.
You hit the orc priest but do no damage.
The orc priest hits you with a +0 club.
You take 4 damage, and have 14/35 hp.
You miscast Call Imp.
You are very lightly contaminated with residual magic.
Shadowy shapes form in the air around you, then vanish.
The giant cockroach bites you but does no damage.
The orc priest hits you with a +0 club. The orc closely misses you.
The giant cockroach barely misses you.
You take 1 damage, and have 13/35 hp.
You now have 10/17 mp.
The orc priest closely misses you.
The giant cockroach bites you but does no damage.
The orc closely misses you. The orc hits you with a +0 mace.
You take 2 damage, and have 11/35 hp.
You now have 8/17 mp.
You hit the orc priest. You drain the orc priest!
Your hound barely misses the giant cockroach.
The giant cockroach closely misses you. The orc barely misses you.
The orc priest looks encouraged for a moment.
You hit the orc priest. You drain the orc priest!
Your hound barely misses the giant cockroach.
The orc hits you but does no damage.
An orc wizard comes into view. It is wielding a +0 dagger.
The giant cockroach barely misses you. The orc hits you but does no damage.
The orc priest hits you but does no damage.
Your hound completely misses the giant cockroach.
You completely miss the orc priest. The giant cockroach misses you.
The orc barely misses you.
Your hound bites the giant cockroach but does no damage.
The orc hits you but does no damage.
The orc priest looks braver for a moment.
You barely miss the orc priest.
Your hound completely misses the giant cockroach.
The giant cockroach closely misses you. The orc barely misses you.
A worker ant comes into view.
The orc closely misses you. The orc priest barely misses you.
Your hound barely misses the giant cockroach.
The giant cockroach closely misses you.
The orc wizard shouts!
The worker ant twitches its antennae in your direction.
You hit the orc priest.
An orc comes into view. It is wielding a +0 mace. x2
Your hound bites the giant cockroach.
The giant cockroach dies!
The orc barely misses you. The orc misses you.
The orc priest hits you with a +0 club.
* * * LOW HITPOINT WARNING * * *
You take 4 damage, and have 8/35 hp.
You closely miss the orc priest.
Your hound closely misses the orc priest.
An orc comes into view. It is wielding a +0 mace.
The orc wizard gestures wildly while chanting.
The orc wizard flickers and vanishes!
Deactivating autopickup; reactivate with Ctrl-A.
The orc priest barely misses you. The orc barely misses you.
The orc hits you with a +0 mace!
You die...

#.##.......# .#..#
##.#........# ##.#..#
.........<.###......
#.##.......##...... #.
#...#...##.........
#..#####....#####.......
#...h....####..<.......
#####o.#.##............
#.o@......####<.....
.....)oo#.#.####........
..................######
...........#..####.
...........o..# ..
..........{.a.# #.#
.............. ..
#######...##o#...


You could see a worker ant, 2 orc priests, 4 orcs and a friendly hound.

Vanquished Creatures
  A worker ant (D:4)
  A gnoll (D:2)
  An adder (D:2)
  An ooze (D:1)
  3 dart slugs
  A leopard gecko (D:2)
  8 bats
  2 giant cockroaches
  8 goblins
  5 hobgoblins
  6 kobolds
  2 quokkas
  2 ball pythons
  5 frilled lizards
  7 rats
53 creatures vanquished.

Vanquished Creatures (collateral kills)
  A bullfrog skeleton (D:4)
  Natasha (thrice) (D:2)
  2 gnolls (D:2)
  2 adders (D:2)
  An ooze (D:1)
  2 worms (D:2)
  An orc (D:4)
  A giant cockroach (D:4)
  4 goblins
  2 hobgoblins
  2 bats (D:1)
  A frilled lizard (D:2)
  A kobold (D:3)
23 creatures vanquished.

Grand Total: 76 creatures vanquished

Notes
Turn   | Place    | Note
-------+----------+-------------------------------------------
     0 | D:1      | Firecrotchwizard the Merfolk Summoner began the quest for
                  | the Orb.
     0 | D:1      | Reached XP level 1. HP: 13/13 MP: 3/3
     0 | D:1      | meem: I am meem, an upgrade of beem built by MalcolmRose
                  | (check out Malcolm's DCSS vids and other projects at
                  | http://youtube.com/malcolmrosegaming). To have me follow
                  | you in your games, type !subscribemeem - to make me go away
                  | forever, type !quitmeem - For help, type: !meem
   279 | D:1      | Reached skill level 3 in Dodging
   279 | D:1      | Reached XP level 2. HP: 19/19 MP: 3/5
   590 | D:1      | Learned a level 2 spell: Call Imp
  1048 | D:1      | HP: 3/19 [ooze (5)]
  1056 | D:1      | Reached XP level 3. HP: 5/24 MP: 2/6
  1763 | D:2      | Reached skill level 3 in Stealth
  1847 | D:2      | Reached XP level 4. HP: 15/30 MP: 2/7
  2023 | D:2      | Learned a level 3 spell: Call Canine Familiar
  2083 | D:2      | Found a shadowy altar of Dithmenos.
  2084 | D:2      | Found a deep blue altar of Sif Muna.
  2263 | D:2      | Noticed Natasha
  2276 | D:2      | Killed Natasha
  2276 | D:2      | Reached skill level 4 in Dodging
  2284 | D:2      | HP: 6/30 [worm (9)]
  3033 | D:2      | Reached XP level 5. HP: 30/35 MP: 3/8
  3078 | D:2      | Noticed Natasha
  3083 | D:2      | Killed Natasha
  3125 | D:2      | Noticed Natasha
  3132 | D:2      | Killed Natasha
  4000 | D:4      | Reached skill level 4 in Stealth
  4000 | D:4      | Reached skill level 5 in Summonings
  4019 | D:4      | HP: 8/35 [orc priest/+0 club (4)]
  4020 | D:4      | Slain by an orc

Vault maps used:
D:1:      mainiacjoe_arrival_reflecting_pool, minivault_14
D:2:      kennysheep_big_flooded_room, gammafunk_temple_overflow_pools,
          first_ration, uniq_natasha
D:3:      kennysheep_small_spiral
D:4:      grunt_temple_overflow_forces_of_nature, serial_shops,
          kennysheep_little_box

Skill      XL: |  1  2  3  4  5 |
---------------+----------------+-----
Dodging        | 3 4 |  4.7
Stealth        | 3 4 |  4.1
Summonings     | 5 |  5.0
Spellcasting   | |  2.3

Action                   |  1- 3 |  4- 6 || total
-------------------------+-------+-------++-------
Melee: Dagger            |   132 |   194 ||   326
       Unarmed           |     5 |       ||     5
       Tailslap          |     1 |     3 ||     4
 Cast: Summon Small Mamm |     4 |       ||     4
       Call Imp          |     8 |     9 ||    17
       Call Canine Famil |       |     4 ||     4
 Stab: Sleeping          |     3 |     7 ||    10
       Distracted        |     1 |     2 ||     3
  Eat: Chunk             |     3 |     8 ||    11
Armor: Robe              |    21 |    50 ||    71
Dodge: Dodged            |   104 |   159 ||   263

Table legend:
 A = Non-vault XP
 B = Vault XP
 C = Vault XP percentage of total XP
 D = Non-vault monster count
 E = Vault monster count
 F = Vault count percentage of total count
                 A         B        C        D         E       F
            +---------+---------+-------+---------+---------+-------
      Total |     258 |      27 |   9.5 |      73 |       3 |   3.9
            +---------+---------+-------+---------+---------+-------
        D:1 |      48 |       0 |   0.0 |      26 |       0 |   0.0
        D:2 |     128 |      27 |  17.4 |      29 |       3 |   9.4
        D:3 |      20 |       0 |   0.0 |      14 |       0 |   0.0
        D:4 |      62 |       0 |   0.0 |       4 |       0 |   0.0
            +---------+---------+-------+---------+---------+-------

Vault maps used:
D:1:      mainiacjoe_arrival_reflecting_pool, minivault_14
D:2:      kennysheep_big_flooded_room, gammafunk_temple_overflow_pools,
          first_ration, uniq_natasha
D:3:      kennysheep_small_spiral
D:4:      grunt_temple_overflow_forces_of_nature, serial_shops,
          kennysheep_little_box

Table legend:
 A = Turns spent in this place as a percentage of turns spent in the entire game.
 B = Non-inter-level travel turns spent in this place as a percentage of non-inter-level travel turns spent in the entire game.
 C = Inter-level travel turns spent in this place as a percentage of turns spent in this place.
 D = Turns resting spent in this place as a percentage of non-inter-level travel turns spent in this place.
 E = Turns spent auto-exploring this place as a percentage of non-inter-level travel turns spent in this place.
 F = Non-inter-level travel turns spent in this place divided by the number of levels of this place that you've seen.
                   A       B       C       D       E      F
               +-------+-------+-------+-------+-------+----------------------
         Total | 100.0 | 100.0 |   3.1 |  42.6 |  34.8 | 973.8
       Dungeon | 100.0 | 100.0 |   3.1 |  42.6 |  34.8 | 973.8
               +-------+-------+-------+-------+-------+----------------------

Table legend:
 A = Kills in this place as a percentage of kills in entire the game.
 B = Kills by you in this place as a percentage of kills by you in the entire game.
 C = Kills by friends in this place as a percentage of kills by friends in the entire game.
 D = Other kills in this place as a percentage of other kills in the entire game.
 E = Experience gained in this place as a percentage of experience gained in the entire game.
 F = Experience gained in this place divided by the number of levels of this place that you have seen.
                   A       B       C       D       E      F
               +-------+-------+-------+-------+-------+----------------------
         Total | 100.0 | 100.0 | 100.0 |   N/A | 100.0 |  71.2
       Dungeon | 100.0 | 100.0 | 100.0 |   N/A | 100.0 |  71.2
               +-------+-------+-------+-------+-------+----------------------
